 Dungeon Crawl Stone Soup version 0.31-a0-187-gba352fbbf7 (webtiles) character file.

Game seed: 4709730460255221131

77 qw the Shooter (level 4, -4/25 HPs)
             Began as a Deep Elf Hunter on June 22, 2023.
             Slain by an ice beast (9 damage)
             ... on level 3 of the Dungeon.
             The game lasted 00:00:35 (1348 turns).

qw the Shooter (Deep Elf Hunter)                    Turns: 1348, Time: 00:00:35

Health: -4/25      AC:  3    Str: 10    XL:     4   Next: 14%
Magic:  6/6        EV: 17    Int: 14    God:
Gold:   151        SH:  0    Dex: 18    Spells: 3/3 levels left

rFire   . . .        Y - +1 shortbow
rCold   . . .        (shield currently unavailable)
rNeg    . . .        c - +0 leather armour
rPois   .            (no helmet)
rElec   .            (no cloak)
rCorr   .            (no gloves)
SInv    .            (no boots)
Will    .....        (no amulet)
Stlth   ++           g - +5 ring of evasion
HPRegen 0.24/turn    (no ring)
MPRegen 0.10/turn

%: no passive effects
@: no status effects
A: no striking features
a: no special abilities


You were on level 3 of the Dungeon.
You visited 1 branch of the dungeon, and saw 3 of its levels.

You collected 151 gold pieces.


   Skills:
 - Level 1.5 Fighting
 + Level 7.5 Ranged Weapons
 - Level 2.4 Dodging
 - Level 1.2 Stealth


You had 3 spell levels left.
You didn't know any spells.
Your spell library was empty.

Inventory:

Hand Weapons
 Y - a +1 shortbow (weapon)
Armour
 c - a +0 leather armour (worn)
Jewellery
 g - a +5 ring of evasion (left hand)
Potions
 h - a potion of ambrosia {unknown}

Dungeon Overview and Level Annotations

Branches:
Dungeon (3/15)

Altars:


Message History

You shoot an arrow. The arrow hits the ice beast.
The ice beast is lightly wounded.
The ice beast closely misses you.
You shoot an arrow.
The arrow hits the ice beast but does no damage.
The ice beast is lightly wounded.
The ice beast misses you.
You shoot an arrow. The arrow hits the ice beast.
The ice beast is lightly wounded.
The ice beast barely misses you.
You shoot an arrow. The arrow hits the ice beast.
The ice beast is moderately wounded.
The ice beast hits you but does no damage.
You shoot an arrow. The arrow hits the ice beast!
The ice beast is heavily wounded.
The ice beast hits you. The ice beast freezes you!
Ouch! That really hurt!
You shoot an arrow.
The arrow hits the ice beast but does no damage.
The ice beast is heavily wounded.
The ice beast closely misses you.
You shoot an arrow. The arrow hits the ice beast.
The ice beast is heavily wounded.
The ice beast closely misses you.
You shoot an arrow. The arrow closely misses the ice beast.
The ice beast hits you. The ice beast freezes you.
You shoot an arrow. The arrow hits the ice beast.
The ice beast is severely wounded.
The ice beast closely misses you.
You shoot an arrow.
The arrow hits the ice beast but does no damage.
The ice beast is severely wounded.
The ice beast closely misses you.
You shoot an arrow. The arrow barely misses the ice beast.
The ice beast closely misses you.
You shoot an arrow.
The arrow hits the ice beast but does no damage.
The ice beast is severely wounded.
The ice beast hits you. The ice beast freezes you!
You die...

#. #.
#. #.
###.
...
#.###
#.@<#
#..Y###
.......
......#
......
....>.
.####


You could see an ice beast.

Vanquished Creatures
  2 adders (D:2)
  A worm (D:2)
  A dart slug (D:2)
  9 endoplasms
  4 giant cockroaches
  4 goblins
  8 hobgoblins
  2 kobolds (D:1)
  3 quokkas
  5 ball pythons
  3 bats
  2 frilled lizards (D:1)
  4 rats
48 creatures vanquished.

Notes
Turn   | Place    | Note
-------+----------+-------------------------------------------
     0 | D:1      | qw the Deep Elf Hunter began the quest for the Orb.
     0 | D:1      | Reached XP level 1. HP: 12/12 MP: 3/3
     0 | D:1      | 0 ||| qw: Version: 0.3-a-9-g12657ce
     0 | D:1      | 0 ||| qw: Game counter: 2335
     0 | D:1      | 0 ||| qw: Always use a shield: true
     0 | D:1      | 0 ||| qw: God list: Okawaru
     0 | D:1      | 0 ||| qw: Allow faded altars: false
     0 | D:1      | 0 ||| qw: Do Orc after D:15 true
     0 | D:1      | 0 ||| qw: Do second Lair branch before Depths: true
     0 | D:1      | 0 ||| qw: Lair rune preference: random
     0 | D:1      | 0 ||| qw: Plans: Normal
     0 | D:1      | 0 ||| PLANNING D:1-11
   120 | D:1      | Reached XP level 2. HP: 16/16 MP: 4/4
   125 | D:1      | Reached skill level 6 in Ranged Weapons
   325 | D:1      | Found a faded altar of an unknown god.
   325 | D:1      | Noticed a balrug
   711 | D:1      | 711 ||| UPGRADING to +5 ring of evasion.
   712 | D:1      | 712 ||| READING scroll labelled ZINTAL MEORAXI.
   713 | D:1      | 713 ||| READING scroll labelled ILODDORA JILU.
   718 | D:1      | 718 ||| READING scroll labelled CUPRIT NOECUQA.
   719 | D:1      | 719 ||| DROPPING scroll of butterflies.
   746 | D:2      | Reached XP level 3. HP: 20/20 MP: 5/5
   762 | D:2      | 762 ||| STAIRDANCE
   768 | D:1      | Reached skill level 7 in Ranged Weapons
   941 | D:2      | 941 ||| FLEEEEING.
   952 | D:2      | Reached XP level 4. HP: 24/25 MP: 6/6
  1200 | D:2      | 1200 ||| DROPPING ring of magical power.
  1201 | D:2      | 1201 ||| READING scroll labelled TEOSIO VUTHRI.
  1202 | D:2      | 1202 ||| READING scroll labelled TARHOS JAEKEUZ.
  1303 | D:2      | 1303 ||| READING scroll labelled LEBYAVAMMOE.
  1332 | D:3      | Noticed an ice beast
  1344 | D:3      | HP: 5/25 [ice beast (5)]
  1348 | D:3      | Slain by an ice beast

Levels and vault maps discovered:
D:1:      elethiomel_arrival_fortress_basement, layout_loops_ring,
          dreamdust_ecumenical_altar_sealed_demon, minmay_pentomino_z2
D:2:      layout_rooms
D:3:      wad_woods_tower, layout_basic, amcnicky_altar_gilded, serial_shops,
          nicolae_shop_pleasant_corner_grove, minmay_misc_feat_chi,
          kennysheep_path_1, chequers_big_river

Skill      XL: |  1  2  3 |
---------------+----------+-----
Ranged Weapons | 6 7 |  7.5
Fighting       | |  1.5
Dodging        | |  2.4
Stealth        | |  1.2

Action                     |  1- 3 |  4- 6 || total
---------------------------+-------+-------++-------
   Fire: Shortbow          |   110 |    32 ||   142
    Use: Scroll            |     3 |     3 ||     6
 Armour: Leather armour    |    10 |     1 ||    11
  Dodge: Dodged            |    66 |    10 ||    76

Table legend:
 A = Non-vault XP
 B = Vault XP
 C = Vault XP percentage of total XP
 D = Non-vault monster count
 E = Vault monster count
 F = Vault count percentage of total count
                 A         B        C        D         E       F
            +---------+---------+-------+---------+---------+-------
      Total |     108 |       3 |   2.7 |      46 |       2 |   4.2
            +---------+---------+-------+---------+---------+-------
        D:1 |      41 |       3 |   6.8 |      24 |       2 |   7.7
        D:2 |      67 |       0 |   0.0 |      22 |       0 |   0.0
            +---------+---------+-------+---------+---------+-------
